[Event "Romanian Women Championship 2024"]
[Site "Eforie Nord"]
[Date "2024.02.27"]
[Round "5.2"]
[White "Vorniceanu, Alina"]
[Black "Peptan, Corina-Isabela"]
[Result "0-1"]
[ECO "B41"]
[WhiteElo "1476"]
[BlackElo "2314"]
[Annotator "TA"]
[PlyCount "116"]
[EventDate "2024.02.24"]
[EventType "swiss"]
[EventCountry "ROU"]
[SourceTitle "playchess.com"]
[Source "ChessBase"]
[SourceQuality "1"]
[TimeControl "40/5400+30:900+30"]

1. e4 c5 2. Nf3 e6 3. d4 cxd4 4. Nxd4 a6 5. c4 Nf6 6. Nc3 Qc7 7. Be2 b6 8. Be3 Bb7 9. f3 Be7 10. O-O d6 11. Qd2 O-O 12. Rfc1 Nbd7 13. Na4 Rfc8 14. Qe1 Qd8 15. b3 {[%emt 0:05:18] White has an edge.} (15. Qg3 {keeps more tension.} Ne5 16. Rc2 Nfd7 17. Rd1) 15... Rab8 16. Kh1 Ba8 17. Qf2 Ne8 18. Rd1 Bg5 19. Rac1 h6 20. Bf1 Bxe3 21. Qxe3 Qg5 22. f4 Qe7 23. Be2 Rc7 24. e5 ({Better is} 24. Kg1 $14) 24... dxe5 $1 $15 25. fxe5 Qg5 $1 26. Qxg5 hxg5 27. Bf3 {[%emt 0:00:19] White is now going downhill.} (27. b4 $15) 27... Bxf3 $17 28. Nxf3 g4 29. Ng5 Nxe5 30. Rd4 b5 31. Nb2 bxc4 32. Nxc4 Rbc8 33. Kg1 Nf6 34. Rcd1 Nxc4 35. bxc4 Kf8 (35... Rxc4 $2 {perishes.} 36. Rxc4 Rf8 37. Rdc1 $18) 36. Rc1 Ke7 37. Ne4 (37. h4 $142) 37... Nxe4 38. Rxe4 $19 {[%emt 0:00:08][%mdl 4096] Endgame. KRR-KRR} f5 39. Re5 Rc5 ({Don't do} 39... Rxc4 40. Rce1 $19) 40. Rxc5 Rxc5 {[%emt 0:00:00] KR-KR} 41. Kf2 Kd6 42. Ke3 Ra5 43. Rc2 e5 44. Kf2 Ra3 45. Rd2+ Ke6 46. c5 (46. g3 {was worth a try.}) 46... e4 47. Rc2 {[#] Strongly threatening c6.} Kd7 48. c6+ Kc7 49. g3 g6 {Threatens to win with ...g5.} 50. Ke2 Rd3 {[#] White must now prevent ...g5.} 51. Kf2 Rd6 52. Ke3 Rxc6 53. Rd2 Rc3+ 54. Kf4 (54. Kd4 $142 Rf3 55. Ke5) 54... e3 55. Re2 Kd6 56. Kg5 Ke5 57. Kxg6 Ke4 {( -> ...Kf3)} 58. Rb2 Kf3 {[%emt 0:00:00] Weighted Error Value: White=0.94/Black=0.23 (precise) .  Mistake:       	White=5     	---        Inaccurate:     	White=3     	Black=2      OK:         	White=11    	Black=20     Best:        	---       	Black=4      Strong:       	---       	Black=2} 0-1

[Event "Romanian Women Championship 2024"]
[Site "Eforie Nord"]
[Date "2024.02.27"]
[Round "5.3"]
[White "Obada, Ema"]
[Black "Cosma, Elena-Luminita"]
[Result "0-1"]
[ECO "C07"]
[WhiteElo "1969"]
[BlackElo "2236"]
[Annotator "RC"]
[PlyCount "116"]
[EventDate "2024.02.24"]
[EventType "swiss"]
[EventCountry "ROU"]
[SourceTitle "playchess.com"]
[Source "ChessBase"]
[SourceQuality "1"]
[TimeControl "40/5400+30:900+30"]

1. e4 e6 2. d4 d5 3. Nd2 c5 4. Ngf3 cxd4 5. Nxd4 Nc6 6. Bb5 Bd7 7. Nxc6 bxc6 8. Bd3 Ne7 9. O-O Ng6 10. Nf3 Bd6 11. Re1 Qb8 12. c4 d4 13. Nxd4 Bxh2+ 14. Kh1 Bf4 15. Nf3 e5 16. Bf1 Bg4 17. b3 O-O 18. Be2 Qb6 19. Kg1 Rad8 20. Qc2 Bxc1 21. c5 Qb4 22. Rexc1 Nf4 23. Qc4 a5 24. Qxb4 axb4 25. Kf1 Bxf3 26. Bxf3 Rd4 27. g3 Ne6 28. Bg4 Ng5 29. f3 g6 30. Rd1 Rfd8 31. Rxd4 Rxd4 32. Ke2 h5 33. Bc8 Rd8 34. Bb7 Ne6 35. Ba6 Nd4+ 36. Kf2 Nc2 37. Rc1 Rd2+ 38. Kf1 Nd4 39. Rc4 Rxa2 40. Bb7 Ra7 41. Rxb4 Ra5 42. f4 f6 43. fxe5 fxe5 44. Rb6 Rxc5 45. Ba6 Rc3 46. Kg2 Kg7 47. Bc4 Kf6 48. Rb8 Re3 49. Rf8+ Kg5 50. Rg8 Kf6 51. Rf8+ Kg7 52. Rg8+ Kh7 53. Bf7 Rxe4 54. Rxg6 Re2+ 55. Kh3 Rf2 56. Rg5 Rxf7 57. Rxh5+ Kg6 58. Rxe5 Nxb3 0-1

[Event "Romanian Women Championship 2024"]
[Site "Eforie Nord"]
[Date "2024.02.27"]
[Round "5.5"]
[White "Sandu, Mihaela"]
[Black "Stanciu, Andreea-Briana"]
[Result "1-0"]
[ECO "B12"]
[WhiteElo "2265"]
[BlackElo "1960"]
[Annotator "TA"]
[PlyCount "57"]
[EventDate "2024.02.24"]
[EventType "swiss"]
[EventCountry "ROU"]
[SourceTitle "playchess.com"]
[Source "ChessBase"]
[SourceQuality "1"]
[TimeControl "40/5400+30:900+30"]

1. e4 c6 2. d4 d5 3. e5 Bf5 4. h4 h6 5. g4 Be4 6. f3 Bh7 7. e6 Qd6 8. exf7+ Kxf7 9. f4 {[%emt 0:00:06] Hoping for Nf3.} Nf6 10. Nf3 {[%emt 0:00:21] The position is equal.} Nxg4 11. Ne5+ ({White should try} 11. h5 $11) 11... Nxe5 $15 12. fxe5 Qg6 {[%emt 0:00:00] [#] ...Qe4+ is the strong threat.} 13. Be3 e6 14. Bd3 Qg3+ 15. Bf2 Qf4 16. Bxh7 Rxh7 17. Nd2 {[%emt 0:00:11] aiming for Rh3.} Kg8 18. Qe2 g6 (18... c5 $11 {remains equal.}) 19. O-O-O $16 {[%emt 0:00:46][%mdl 1024] White has strong compensation.} Be7 (19... Qf5 $16) 20. Rdf1 h5 $2 (20... Qf7 21. Be3 Qe8) 21. Rhg1 Qf7 22. Be3 Qe8 {[%emt 0:00:00] [#]} 23. Qd3 $1 Bxh4 (23... Rg7 $142 24. Bh6 c5 25. Bxg7 Kxg7) 24. Rxg6+ Kh8 25. Nf3 Bd8 {[%emt 0:00:00] Black is weak on the dark squares} 26. Bg5 (26. Bh6 $142 Rf7 27. Rfg1 Rf5 28. Bg7+ Kg8 29. Bf6+ Qxg6 30. Rxg6+ Kf7 31. Rg7+ Ke8 32. Qa3 (32. Rxb7 Bxf6 33. exf6 Nd7 $18)) 26... Nd7 {[%emt 0:00:00] White is clearly winning.} 27. Bxd8 Rxd8 28. Ng5 Nf8 29. Rgf6 {[%emt 0:00:21] Weighted Error Value: White=0.15 (very precise) /Black=0.75.  Mistake:       	White=1     	Black=4      OK:         	White=7     	Black=8      Best:        	White=1     	Black=1      Strong:       	White=1     	---} 1-0

[Event "Romanian Women Championship 2024"]
[Site "Eforie Nord"]
[Date "2024.02.27"]
[Round "5.6"]
[White "Sunea, Sara Maria"]
[Black "Trifoi, Mihaela-Ioana"]
[Result "1/2-1/2"]
[ECO "B13"]
[WhiteElo "1561"]
[BlackElo "2003"]
[Annotator "NA RC"]
[PlyCount "105"]
[EventDate "2024.02.24"]
[EventType "swiss"]
[EventCountry "ROU"]
[SourceTitle "playchess.com"]
[Source "ChessBase"]
[SourceQuality "1"]
[TimeControl "40/5400+30:900+30"]

1. e4 c6 2. d4 d5 3. exd5 cxd5 4. Bf4 Nf6 5. c3 Bg4 6. Qb3 Qc8 7. Nd2 e6 8. Ngf3 Nc6 9. Bd3 Be7 10. O-O Bh5 11. Rae1 Bg6 12. Qc2 a6 13. Bxg6 hxg6 14. Qd3 b5 15. a3 Qb7 16. Nb3 O-O 17. Nc5 Bxc5 18. dxc5 Ne4 19. b4 a5 20. Nd4 axb4 21. axb4 Nxd4 22. Qxd4 Ra3 23. f3 Nf6 24. Be5 Ne8 25. Bg3 Qc6 26. Ra1 Ra6 27. h3 f6 28. Qd3 Kf7 29. Qd1 Rxa1 30. Qxa1 Qb7 31. Rf2 e5 32. Ra2 Kg8 33. Ra7 Qc6 34. Qa5 Rf7 35. Ra6 Qc8 36. Ra8 Qd7 37. Qb6 Kh7 38. Rd8 Qe7 39. Qb8 Rf8 40. c6 Kg8 41. Bf2 d4 42. cxd4 exd4 43. Bxd4 Qxb4 44. c7 Nxc7 45. Rxf8+ Qxf8 46. Qxc7 Qe8 47. Qc3 Qe6 48. Bf2 g5 49. Qe3 Qd7 50. Qd4 Qc6 51. Qc5 Qd7 52. Bg3 Qd3 53. Qc8+ 1/2-1/2

[Event "Romanian Women Championship 2024"]
[Site "Eforie Nord"]
[Date "2024.02.27"]
[Round "5.7"]
[White "Iordache, Alexia-Andreea"]
[Black "Maria, Lia-Alexandra"]
[Result "0-1"]
[ECO "B84"]
[WhiteElo "1769"]
[BlackElo "1937"]
[Annotator "NA RC"]
[PlyCount "78"]
[EventDate "2024.02.24"]
[EventType "swiss"]
[EventCountry "ROU"]
[SourceTitle "playchess.com"]
[Source "ChessBase"]
[SourceQuality "1"]
[TimeControl "40/5400+30:900+30"]

1. e4 c5 2. Nf3 d6 3. d4 cxd4 4. Nxd4 Nf6 5. Nc3 a6 6. Be3 e6 7. Be2 Be7 8. g4 h6 9. a4 Nc6 10. Qd2 Nd7 11. O-O-O Qc7 12. Nb3 Na5 13. Kb1 Nc4 14. Bxc4 Qxc4 15. Bd4 O-O 16. h4 b5 17. a5 b4 18. Na2 Rb8 19. f3 Nc5 20. Nac1 Na4 21. Ne2 e5 22. Be3 Be6 23. Rhg1 Rfc8 24. Qd3 Qc6 25. Nec1 Bc4 26. Qd2 Qb5 27. Na2 Be2 28. Rde1 Bc4 29. Rd1 d5 30. exd5 Be2 31. Rde1 Bxf3 32. Bf2 Qc4 33. g5 h5 34. Rxe5 Bd6 35. Ree1 Be4 36. Rc1 Qxb3 37. Bd4 Nc3+ 38. Nxc3 bxc3 39. Bxc3 Rxc3 0-1

[Event "Romanian Women Championship 2024"]
[Site "Eforie Nord"]
[Date "2024.02.27"]
[Round "5.8"]
[White "Hoanca, Alexia-Ioana"]
[Black "Pirvulescu, Ekaterina"]
[Result "1-0"]
[ECO "B48"]
[WhiteElo "1748"]
[BlackElo "2091"]
[Annotator "NA RC"]
[PlyCount "101"]
[EventDate "2024.02.24"]
[EventType "swiss"]
[EventCountry "ROU"]
[SourceTitle "playchess.com"]
[Source "ChessBase"]
[SourceQuality "1"]
[TimeControl "40/5400+30:900+30"]

1. e4 c5 2. Nf3 e6 3. d4 cxd4 4. Nxd4 Nc6 5. Nc3 Qc7 6. Be3 a6 7. g4 b5 8. Nxc6 Qxc6 9. Qd2 b4 10. Ne2 Qxe4 11. Rg1 Qc4 12. Ng3 Qc7 13. O-O-O Ne7 14. Nh5 Nd5 15. Bd4 Rg8 16. Bd3 Bb7 17. Bxh7 Rh8 18. Be4 O-O-O 19. Rge1 Kb8 20. Kb1 Rc8 21. h3 Ka8 22. Qd3 Qa5 23. Nxg7 Rg8 24. Nh5 Rg5 25. f4 Nc3+ 26. Bxc3 bxc3 27. Bxb7+ Kxb7 28. fxg5 d5 29. Qe3 Ba3 30. b3 Bc5 31. Qf4 Qa3 32. Qc1 Qb4 33. Rf1 Rc7 34. a3 Qb6 35. Rf3 d4 36. Rdf1 Be7 37. Ka2 e5 38. Rxf7 e4 39. Rd1 Qd6 40. Rxe7 Rxe7 41. Qf4 Qc5 42. Qf2 e3 43. Qf3+ Ka7 44. Ng3 a5 45. a4 Qe5 46. Ne2 Rd7 47. Qf5 Qc7 48. Qd3 Qh2 49. Nxc3 Qxh3 50. Nb5+ Kb8 51. Qe4 1-0

[Event "Romanian Women Championship 2024"]
[Site "Eforie Nord"]
[Date "2024.02.27"]
[Round "5.9"]
[White "Sava, Ana-Maria"]
[Black "Sariteanu, Sabina"]
[Result "1-0"]
[ECO "D05"]
[WhiteElo "1916"]
[BlackElo "1700"]
[Annotator "NA RC"]
[PlyCount "107"]
[EventDate "2024.02.24"]
[EventType "swiss"]
[EventCountry "ROU"]
[SourceTitle "playchess.com"]
[Source "ChessBase"]
[SourceQuality "1"]
[TimeControl "40/5400+30:900+30"]

1. d4 e6 2. Nf3 d5 3. e3 Nf6 4. Bd3 c5 5. c3 Nc6 6. Nbd2 cxd4 7. exd4 Bd6 8. O-O O-O 9. Re1 Qc7 10. Nf1 e5 11. dxe5 Nxe5 12. Nxe5 Bxe5 13. h3 Bd7 14. Bg5 h6 15. Be3 Rfe8 16. Rc1 Rad8 17. Nd2 Ne4 18. Qb3 Nxd2 19. Bxd2 Qc8 20. Re3 b6 21. Rce1 Qc7 22. Qxd5 Bf5 23. Qf3 Bh2+ 24. Kh1 Rxe3 25. Rxe3 Bxd3 26. Rxd3 Rxd3 27. Qxd3 Bf4 28. Kg1 Bd6 29. a4 Qe7 30. b4 g5 31. Be3 Qe5 32. g3 h5 33. Qd4 Qe7 34. Qd5 Be5 35. Bd4 Bxd4 36. Qxd4 h4 37. gxh4 gxh4 38. Qg4+ Kh7 39. Kg2 Qf6 40. Qe4+ Kh6 41. c4 Qd8 42. Qd5 Qg8+ 43. Kf3 Qg1 44. Qxf7 Qd1+ 45. Kg2 Qxa4 46. Qe6+ Kg7 47. Qg4+ Kf7 48. b5 a6 49. Qxh4 axb5 50. Qh5+ Kf6 51. Qxb5 Qa8+ 52. Qd5 Qe8 53. Qd4+ Kg5 54. Qe3+ 1-0

[Event "Romanian Women Championship 2024"]
[Site "Eforie Nord"]
[Date "2024.02.27"]
[Round "5.10"]
[White "Paraschiv, Petronela-Alexandra"]
[Black "Bira, Andrada-Paraschiva"]
[Result "1/2-1/2"]
[ECO "D37"]
[WhiteElo "1875"]
[BlackElo "1590"]
[Annotator "NA RC"]
[PlyCount "178"]
[EventDate "2024.02.24"]
[EventType "swiss"]
[EventCountry "ROU"]
[SourceTitle "playchess.com"]
[Source "ChessBase"]
[SourceQuality "1"]
[TimeControl "40/5400+30:900+30"]

1. d4 Nf6 2. Nf3 e6 3. Bf4 d5 4. e3 c5 5. Be2 Bd6 6. dxc5 Bxc5 7. c4 Nc6 8. Nc3 O-O 9. O-O dxc4 10. Qxd8 Rxd8 11. Bxc4 b6 12. a3 Bb7 13. Rfd1 h6 14. h3 Rac8 15. Nb5 Nd5 16. Bxd5 Rxd5 17. Rxd5 exd5 18. Rd1 Rd8 19. b4 Be7 20. Nc3 d4 21. exd4 Bf6 22. Be5 Nxe5 23. Nxe5 Bxe5 24. dxe5 Rxd1+ 25. Nxd1 Kf8 26. f4 Ke7 27. Ne3 Ke6 28. Kf2 Ba6 29. Kf3 Bb7+ 30. Kg4 g6 31. h4 Ba6 32. Kf3 Bd3 33. g3 Kd7 34. Ng4 h5 35. Nf6+ Kc6 36. Ke3 Bf5 37. Kd4 Be6 38. Ne4 Kb5 39. Nc3+ Kc6 40. Ne4 Kb5 41. Nc3+ Kc6 42. b5+ Kd7 43. Ne4 Ke7 44. Nd6 f5 45. Kc3 Kd7 46. Kb4 Bd5 47. a4 Be6 48. a5 Bd5 49. axb6 axb6 50. Kc3 Be6 51. Kd4 Bg8 52. Nc4 Kc7 53. Ne3 Be6 54. Nd5+ Kb7 55. Ne7 Bf7 56. e6 Bxe6 57. Nxg6 Bd7 58. Ne7 Bxb5 59. Nxf5 Be2 60. Kd5 Kc7 61. Nd4 Bg4 62. Ke5 Kd7 63. Kd5 Bd1 64. Ke5 Bg4 65. f5 Ke7 66. Nc6+ Kf7 67. Nd8+ Ke7 68. Nc6+ Kf7 69. f6 Ke8 70. Nd4 Kf7 71. Nb5 Kf8 72. Nd6 Bh3 73. Kf4 Bf1 74. Kg5 Be2 75. Kg6 b5 76. Nxb5 Bxb5 77. Kxh5 Kf7 78. Kg5 Bd3 79. h5 Be4 80. g4 Bd3 81. Kh6 Kxf6 82. g5+ Kf7 83. g6+ Kg8 84. Kg5 Kg7 85. h6+ Kg8 86. g7 Bc2 87. Kf6 Bd3 88. Ke7 Bc2 89. h7+ Bxh7 1/2-1/2

[Event "Romanian Women Championship 2024"]
[Site "Eforie Nord"]
[Date "2024.02.27"]
[Round "5.11"]
[White "Batagan, Ilinca-Petra"]
[Black "Malaieru, Alexandra-Gabriela"]
[Result "1-0"]
[ECO "C63"]
[WhiteElo "1859"]
[BlackElo "1258"]
[Annotator "NA RC"]
[PlyCount "57"]
[EventDate "2024.02.24"]
[EventType "swiss"]
[EventCountry "ROU"]
[SourceTitle "playchess.com"]
[Source "ChessBase"]
[SourceQuality "1"]
[TimeControl "40/5400+30:900+30"]

1. e4 e5 2. Nf3 Nc6 3. Bb5 f5 4. d3 fxe4 5. dxe4 Nf6 6. O-O Be7 7. Bxc6 bxc6 8. Nxe5 O-O 9. Nc3 Bb7 10. Be3 d5 11. f3 c5 12. Nxd5 Nxd5 13. exd5 Qxd5 14. Qxd5+ Bxd5 15. Nd7 Rfe8 16. Bxc5 Bxc5+ 17. Nxc5 Rab8 18. b3 Rbd8 19. Rfe1 Kf7 20. Rxe8 Rxe8 21. Kf2 Bc6 22. Rd1 Re5 23. Nd3 Re6 24. Re1 Rd6 25. Re5 Bb7 26. Rc5 c6 27. Ra5 a6 28. Ke3 Re6+ 29. Kd2 1-0

[Event "Romanian Women Championship 2024"]
[Site "Eforie Nord"]
[Date "2024.02.27"]
[Round "5.12"]
[White "Chicarosie, Ioana-Bianca"]
[Black "Ardelean, Lorela-Daniela"]
[Result "1-0"]
[ECO "D11"]
[WhiteElo "1705"]
[BlackElo "1802"]
[Annotator "NA RC"]
[PlyCount "103"]
[EventDate "2024.02.24"]
[EventType "swiss"]
[EventCountry "ROU"]
[SourceTitle "playchess.com"]
[Source "ChessBase"]
[SourceQuality "1"]
[TimeControl "40/5400+30:900+30"]

1. d4 Nf6 2. g3 d5 3. Bg2 c6 4. Nf3 Bf5 5. O-O e6 6. c4 Bd6 7. b3 Qe7 8. Bb2 Nbd7 9. Nc3 O-O 10. Nh4 Bg6 11. Nxg6 hxg6 12. e4 dxe4 13. Nxe4 Nxe4 14. Bxe4 Nf6 15. Bg2 Ba3 16. Qc1 Bxb2 17. Qxb2 Rfd8 18. b4 a5 19. b5 cxb5 20. cxb5 Rac8 21. Rac1 Qd7 22. Rc5 Nd5 23. Rfc1 Nb6 24. Qa3 a4 25. Rxc8 Rxc8 26. Rxc8+ Qxc8 27. Qc5 Qd8 28. Bxb7 Kh7 29. Be4 Kg8 30. h4 Qb8 31. Bc2 Qd8 32. a3 Qb8 33. Be4 Qd8 34. Kf1 Qb8 35. h5 f5 36. Bc6 Kf7 37. hxg6+ Kf6 38. f4 Nd5 39. Bxd5 exd5 40. Qc6+ Ke7 41. Qxd5 Qh8 42. Qb7+ Kd6 43. Qc6+ Ke7 44. Qc7+ Ke6 45. Qe5+ Kd7 46. Qxf5+ Ke7 47. Qc5+ Kd7 48. Qc6+ Ke7 49. Kg2 Qh6 50. b6 Qh8 51. Qc7+ Ke6 52. b7 1-0

[Event "Romanian Women Championship 2024"]
[Site "Eforie Nord"]
[Date "2024.02.28"]
[Round "6.1"]
[White "Peptan, Corina-Isabela"]
[Black "Lehaci, Miruna-Daria"]
[Result "0-1"]
[ECO "E01"]
[WhiteElo "2314"]
[BlackElo "2227"]
[Annotator "TA"]
[PlyCount "95"]
[EventDate "2024.02.24"]
[EventType "swiss"]
[EventCountry "ROU"]
[SourceTitle "playchess.com"]
[Source "ChessBase"]
[SourceQuality "1"]
[TimeControl "40/5400+30:900+30"]

1. d4 e6 2. c4 Nf6 3. g3 c5 4. Nf3 cxd4 5. Nxd4 d5 6. Bg2 e5 7. Nb3 d4 8. O-O Nc6 9. Bg5 Be7 10. N1d2 O-O 11. h3 h6 12. Bxf6 Bxf6 13. a3 (13. Nc1 $15) 13... Be7 $17 14. e3 dxe3 15. fxe3 Qd3 16. Qf3 (16. Qe1 $142) 16... Be6 17. Rac1 Rad8 18. Qf2 a5 {[%emt 0:06:01] Black is much more active.} 19. a4 (19. Rc3 $17 {keeps fighting.} Qd7 20. Ne4) 19... Qd7 20. Kh2 Nb4 21. Qf3 b6 ({But not} 21... Qxa4 22. Ra1 Qd7 23. Rxa5 $19) 22. Qb7 Bxh3 {[%emt 0:04:17] [#] ...Qxb7 is the strong threat. This pair of bishops is nice.} 23. Qxb6 (23. Qxd7 Bxd7 24. c5 bxc5 (24... Bxa4 $2 25. cxb6 Nd5 26. Nxa5 $19) 25. Nxa5) 23... Bxg2 $19 24. Kxg2 Nd3 25. Rc2 Qg4 26. Nf3 Rd6 27. Qb7 Rg6 28. Qxe7 (28. Kh1 $142 Bc5 29. Nh2 Qxg3 30. Nxc5 Nxc5 31. Qf3) 28... Qxg3+ 29. Kh1 {[%emt 0:00:08][%cal Oe7h4] [#] Black must now prevent Qh4!} Ne1 $1 {[%emt 0:00:13][%mdl 512] Black is clearly winning.} 30. Qh4 {[%emt 0:02:04] aiming for Qxg3.} Nxc2 31. Qxg3 Rxg3 32. Kh2 Rg4 33. Nxe5 Re4 34. Nd7 Rfe8 35. c5 Nxe3 36. Rc1 Nd5 {[%emt 0:01:51] And now ...Rg4 would win.} 37. c6 Nc7 38. Nxa5 Re2+ 39. Kg1 Rxb2 40. Nc4 Rbe2 41. Nd6 Re1+ 42. Rxe1 Rxe1+ {[%emt 0:00:03][%mdl 4096] Endgame. KRN-KNN} 43. Kf2 Rc1 44. Nf5 Kh8 (44... Rxc6 $2 {perishes.} 45. Ne7+ Kh7 46. Nxc6 $18) 45. Ne7 h5 46. Ne5 g5 47. Nxf7+ Kg7 48. Nd6 {[%emt 0:01:04] Weighted Error Value: White=0.50/Black=0.35.  Mistake:       	White=5     	---        Inaccurate:     	White=1     	---        OK:         	White=7     	Black=12     Best:        	White=2     	Black=4      Brilliant:      	---       	Black=1} 0-1

[Event "Romanian Women Championship 2024"]
[Site "Eforie Nord"]
[Date "2024.02.28"]
[Round "6.2"]
[White "Cosma, Elena-Luminita"]
[Black "Schiopu, Oana-Magdalena"]
[Result "1-0"]
[ECO "A46"]
[WhiteElo "2236"]
[BlackElo "1750"]
[Annotator "TA"]
[PlyCount "71"]
[EventDate "2024.02.24"]
[EventType "swiss"]
[EventCountry "ROU"]
[SourceTitle "playchess.com"]
[Source "ChessBase"]
[SourceQuality "1"]
[TimeControl "40/5400+30:900+30"]

1. d4 Nf6 2. Nf3 e6 3. g3 b5 4. Bg2 d5 5. a4 b4 6. O-O Be7 {[%emt 0:01:25] [#]} 7. c4 $1 bxc3 8. bxc3 {[%emt 0:00:14][%cal Oc3c4] The position is equal.} Nbd7 {[%emt 0:01:45] [#]} 9. c4 $1 c5 (9... c6 10. c5) 10. cxd5 exd5 (10... Nxd5 $11 11. Ba3 O-O) 11. dxc5 Nxc5 12. Nd4 {[%emt 0:00:48] Threatens to win with Nc6.} (12. Ne5 $5 Qc7 13. Nd3 $14 (13. Bxd5 $2 Qxe5 $19)) 12... O-O {[%emt 0:06:34] [#]} (12... Qd7 $14) 13. Nc6 $1 $18 Qd7 14. Nxe7+ Qxe7 15. Ba3 $1 {[%emt 0:00:46][%cal Od1c2] Black must now prevent Qc2!} (15. Bxd5 Nxd5 16. Qxd5 Bb7 $15) 15... Ba6 16. Nc3 $1 (16. Bxd5 $2 Rad8 (16... Bxe2 17. Bxc5 Qe5 18. Bd6 $11) (16... Nxd5 17. Qxd5 Rac8 18. Nc3 $11) 17. Bxc5 Qxc5 18. Bxf7+ Kxf7 19. Qb3+ Qd5 20. Qxd5+ Nxd5 $19 (20... Rxd5 $2 21. Nc3 $19)) 16... Rfd8 17. Qd4 (17. Bxd5 $2 Nxd5 18. Nxd5 Qe5 $19) 17... Rac8 18. Bh3 {[%emt 0:01:13] This pair of bishops is nice.} ({Worse is} 18. Bxd5 Qc7 19. Rad1 Ne6 $15) (18. Nxd5 Nxd5 19. Bxd5 Bxe2 $14) 18... Rc7 (18... Rc6 {was necessary.} 19. Nb5 Re8) 19. Rfc1 Bc4 20. e3 Rdc8 $2 {[%emt 0:22:55] Loses the game.} (20... Rc6 $16 {is more resistant.} 21. Nxd5 Bxd5 22. Rxc5 (22. Bxc5 Qe8 $16) 22... Rxc5) 21. Bxc5 Qxc5 22. Qxc5 Rxc5 23. Bxc8 Rxc8 24. Nb5 a6 25. Nd6 Rc6 {[%emt 0:00:08] [#]} 26. Rab1 $1 {[%emt 0:00:22] White threatens Rb8+ and mate.} Kf8 (26... g6 27. Rb8+) 27. Nxc4 dxc4 {[%emt 0:00:12][%mdl 4096] Endgame. KRR-KRN} 28. Rb4 c3 29. Rd4 Ke7 30. Kf1 Ke6 31. Ke2 {[%emt 0:00:21] White is clearly winning.} a5 32. e4 {[%emt 0:01:03] Against Nd5} ({Much less strong is} 32. Kd3 Nd5 33. Rc4 Rb6 $18) 32... Ke5 33. Kd3 c2 34. f4+ Ke6 35. Rxc2 Rxc2 36. Kxc2 {[%emt 0:00:06] Weighted Error Value: White=0.16 (very precise) /Black=0.52.  Loses game:     	---       	Black=1      Mistake:       	---       	Black=3      OK:         	White=15    	Black=5      Strong:       	White=2     	---} 1-0

[Event "Romanian Women Championship 2024"]
[Site "Eforie Nord"]
[Date "2024.02.28"]
[Round "6.3"]
[White "Sandu, Mihaela"]
[Black "Obada, Ema"]
[Result "1-0"]
[ECO "B12"]
[WhiteElo "2265"]
[BlackElo "1969"]
[Annotator "TA"]
[PlyCount "101"]
[EventDate "2024.02.24"]
[EventType "swiss"]
[EventCountry "ROU"]
[SourceTitle "playchess.com"]
[Source "ChessBase"]
[SourceQuality "1"]
[TimeControl "40/5400+30:900+30"]

1. e4 c6 2. d4 d5 3. e5 c5 4. dxc5 e6 5. Be3 Nd7 6. Bb5 Ne7 7. Nf3 Nf5 {[%emt 0:01:03] Droht ...Nxe3.} 8. Bd4 {[%emt 0:00:00] Die Stellung ist ausgeglichen.} Nxd4 9. Qxd4 a6 10. Bd3 (10. Bxd7+ $14 Bxd7 11. b4) 10... Nxc5 11. O-O Nxd3 12. cxd3 Bd7 13. Nc3 Be7 14. Ne2 O-O 15. Ng3 f5 16. Ne2 Rc8 17. Rfc1 Qa5 18. a3 Rxc1+ 19. Rxc1 Rc8 20. Rxc8+ Bxc8 21. h4 Bd7 22. Qe3 Qd8 23. g3 Qc8 24. Ned4 h6 25. Qd2 Kh7 26. Ne2 g6 27. Nf4 Qc7 28. h5 g5 29. Ng6 Be8 30. Nxe7 Qxe7 $11 {[%emt 0:00:02][%mdl 4096] Endspiel. KQB-KQN} 31. Qa5 {[%emt 0:00:16] Verhindert Qc5} (31. Nd4 $11) 31... Bxh5 $17 32. Nd4 Kg7 (32... f4 $17 33. Kg2 Qg7 34. Nxe6 Qxe5) 33. Qb6 $36 {[%emt 0:00:14][%mdl 3072] Weiss hat Kompensation. Schwarz steht unter Druck.} Kf7 34. Nb3 Bf3 {[%emt 0:02:06] [#]} (34... d4 $11) 35. d4 $1 $16 h5 (35... Kg6 $14) 36. Nc5 $18 h4 $2 {[%emt 0:00:36] Führt Schwarz ins Verderben.} (36... f4 $16) 37. gxh4 gxh4 {[%emt 0:00:06][%cal Bg5h4,Bh4h3][%mdl 32] ( -> ...Qg5+)} 38. Qxb7 Qxb7 (38... a5 {ist wohl besser.} 39. Qxe7+ Kxe7) 39. Nxb7 {[%emt 0:00:05] KB-KN} h3 40. Kh2 {[%emt 0:00:00][%cal Ob7c5] Droht stark Nc5!} Bg2 41. f4 Ke7 42. b4 Kf7 43. a4 {[%emt 0:08:44][%cal Ba3a4,Ba4b5][%mdl 32] jetzt b5 und aus.} Bf1 {[%emt 0:01:40] [#]} 44. b5 $1 axb5 45. axb5 Ke7 {[%emt 0:00:10] [#]} 46. b6 $1 Kd7 47. Nc5+ Kc6 48. b7 Kc7 49. Nxe6+ Kxb7 50. Ng7 Kc7 51. Nxf5 {[%emt 0:00:06] Gewichteter Fehlerwert: Weiß=0.11 (sehr präzise) /Schwarz=0.47.  Verlustzug:     	---       	Schwarz=1     Fehler:       	Weiß=2     	Schwarz=4     Ungenau:       	Weiß=1     	Schwarz=4     OK:         	Weiß=11    	Schwarz=12    Bester:       	Weiß=1     	Schwarz=2     Stark:        	Weiß=1     	---} 1-0

[Event "Romanian Women Championship 2024"]
[Site "Eforie Nord"]
[Date "2024.02.28"]
[Round "6.4"]
[White "Ciolacu, Alessia-Mihaela"]
[Black "Sava, Ana-Maria"]
[Result "1-0"]
[ECO "A56"]
[WhiteElo "2175"]
[BlackElo "1916"]
[Annotator "RC"]
[PlyCount "59"]
[EventDate "2024.02.24"]
[EventType "swiss"]
[EventCountry "ROU"]
[SourceTitle "playchess.com"]
[Source "ChessBase"]
[SourceQuality "1"]
[TimeControl "40/5400+30:900+30"]

1. Nf3 Nf6 2. c4 c5 3. g3 d6 4. d4 Nbd7 5. d5 e5 6. Nc3 Be7 7. Bg2 O-O 8. O-O Ne8 9. e4 g6 10. Ne1 Ng7 11. f4 f5 12. Nf3 Bf6 13. exf5 Nxf5 14. Ne4 exf4 15. Nxf6+ Nxf6 16. Bxf4 a6 17. a4 Rb8 18. Qd3 Bd7 19. h3 Be8 20. g4 Ng7 21. Ng5 b5 22. axb5 axb5 23. b3 bxc4 24. bxc4 Bf7 25. Ra7 Rb6 26. Nxf7 Rxf7 27. Rxf7 Kxf7 28. Bg5 Nge8 29. Bxf6 Nxf6 30. g5 1-0